 Dungeon Crawl Stone Soup version 0.30-a0-279-g4b46babb21 (webtiles) character file.

Game seed: 6026368170144522069

4076 Lobster4 the Fighter (level 10, -14/88 HPs)
             Began as a Human Wanderer on Oct 17, 2022.
             Was a Believer of Uskayaw.
             Demolished by an orc knight
             ... wielding a +0 glaive
              (16 damage)
             ... in a bailey.
             The game lasted 00:33:25 (7117 turns).

Lobster4 the Fighter (Human Wanderer)               Turns: 7117, Time: 00:33:25

Health: -14/88     AC: 16    Str: 22    XL:     10   Next: 49%
Magic:  10/13      EV:  8    Int: 10    God:    Uskayaw [**....]
Gold:   238        SH:  0    Dex: 14    Spells: 9/9 levels left

rFire   + . .      SeeInvis .    a - +2 glaive of Embarrassment {spect, rElec rPois Str+4}
rCold   . . .      Faith    .    (shield currently unavailable)
rNeg    . . .      Spirit   .    x - +0 chain mail
rPois   +          Reflect  .    (no helmet)
rElec   +          Harm     .    s - +1 cloak
rCorr   .          Rampage  .    (no gloves)
Will    .....                    (no boots)
Stlth   ..........               (no amulet)
HPRegen 0.34/turn                o - +4 ring of protection
MPRegen 0.13/turn                J - ring of protection from fire

@: mighty
A: no striking features
a: Renounce Religion, Stomp, Line Pass


You were in a bailey.
You worshipped Uskayaw.
Uskayaw was noncommittal.
You visited 2 branches of the dungeon, and saw 9 of its levels.
You also visited: Bailey.

You collected 571 gold pieces.
You spent 333 gold pieces at shops.

Inventory:

Hand Weapons
 a - the +2 glaive of Embarrassment (weapon) {spect, rElec rPois Str+4}
   (You bought it in a shop on level 5 of the Dungeon)

   When its wielder attacks, the weapon's spirit leaps out and strikes again.
   The spirit shares a part of any damage it takes with its wielder.
   Str:       It affects your strength (+4).
   rElec:     It insulates you from electricity.
   rPois:     It protects you from poison.
 b - a +0 shortbow
 z - a +3 flail of freezing
 D - a +0 sling
 F - a +2 quarterstaff
Missiles
 g - 21 poisoned darts (quivered)
 v - 2 curare-tipped darts
 K - 2 boomerangs
Armour
 c - a +0 scale mail
 m - a +0 leather armour of poison resistance
 s - a +1 cloak (worn)
 x - a +0 chain mail (worn)
Magical Staves
 p - a staff of poison
Jewellery
 o - a +4 ring of protection (left hand)
 u - a ring of positive energy
 J - a ring of protection from fire (right hand)
Wands
 i - a wand of flame (17)
 C - a wand of iceblast (2)
 H - a wand of mindburst (8)
Scrolls
 e - 2 scrolls of noise {unknown}
 h - a scroll of enchant weapon
 k - 3 scrolls of fog
 l - a scroll of brand weapon {unknown}
 q - a scroll of magic mapping
 r - a scroll of immolation
 y - 2 scrolls of enchant armour {unknown}
 E - 4 scrolls of teleportation {unknown}
 G - 2 scrolls of vulnerability {unknown}
 L - a scroll of silence {unknown}
Potions
 d - 5 potions of curing
 f - a potion of might
 j - 4 potions of flight
 n - 2 potions of cancellation {unknown}
 t - 2 potions of brilliance
 A - 2 potions of invisibility {unknown}
 B - a potion of ambrosia
 I - 2 potions of resistance
 M - 3 potions of experience
 N - a potion of haste {unknown}


   Skills:
 + Level 11.2 Fighting
 - Level 1.0(2.6) Maces & Flails
 - Level 3.0(4.0) Polearms
 - Level 3.9(4.4) Staves
 - Level 2.0 Ranged Weapons
 - Level 3.0 Throwing
 - Level 5.0 Armour
 - Level 1.0 Dodging
 - Level 3.0 Poison Magic
 - Level 5.0 Invocations
 - Level 3.0 Evocations


You had 9 spell levels left.
You didn't know any spells.
Your spell library contained the following spells:

 Spells                   Type           Power      Damage    Failure   Level
 Passwall                 Tmut/Erth      0%         N/A       99%         2
 Ignite Poison            Fire/Tmut/Pois 2%         N/A       99%         3
 Kindle Blastsparks       Fire/Tloc/Air  0%         2d10      100%        3
 Animate Dead             Necr           0%         N/A       100%        4
 Leda's Liquefaction      Hex/Erth       0%         N/A       100%        4
 Freezing Cloud           Conj/Ice/Air   0%         6-21      100%        5
 Yara's Violent Unravell  Hex/Tmut       0%         3d3       100%        5
 Enfeeble                 Hex            0%         N/A       100%        7


Dungeon Overview and Level Annotations

Branches:
Dungeon (8/15)             Temple (1/1) D:6          Bailey (1/1)
   Lair: D:8-11

Altars:
Ashenzari
Cheibriados
Dithmenos
Elyvilon
Fedhas
Gozag
Hepliaklqana
Kikubaaqudgha
Makhleb
Nemelex Xobeh
Okawaru
Qazlal
Ru
Sif Muna
Trog
Uskayaw
Vehumet
Wu Jian
Yredelemnul
Zin
The Shining One

Shops:
D:5 (

Annotations:
D:7 Dowan, Duvessa


Message History

An orc warrior comes into view. It is wielding a +4 halberd.
The orc knight roars a battlecry!
The orcs go into a battle-frenzy!
The orc knight hits you from afar with a +0 halberd.
* * * LOW HITPOINT WARNING * * *
Aiming: Line Pass
Press: ? - help, Dir - move target, f - orc warrior, p - orc knight
Aim: an orc warrior, wielding a +4 halberd and wearing a +0 ring mail (strong)
Okay, then.
Okay, then.
You feel much better.
The orc hits you from afar with a +0 spear.
The orc knight hits you from afar with a +0 glaive.
The orc knight hits you but does no damage.
You feel very mighty all of a sudden.
The orc warrior no longer looks unusually strong.
The orc knight no longer looks unusually strong.
The orc hits you from afar with a +0 spear.
The orc knight hits you from afar with a +0 glaive!!
* * * LOW HITPOINT WARNING * * *
The orc knight roars a battlecry!
The orcs go into a battle-frenzy!
You are too injured to fight recklessly!
Throw: 22 darts (poison)
Press: ? - help, Q - select action, (/) - cycle Shift-Dir - straight line, f/p - orc knight
Aim: an orc knight, wielding a +0 halberd and wearing a +0 ring mail (heavily wounded, 59% to hit)
You throw a poisoned dart. The poisoned dart hits the orc knight.
The orc knight is poisoned.
The orc knight is heavily wounded.
The orc hits you but does no damage.
The orc knight hits you from afar with a +0 glaive!!
* * * LOW HITPOINT WARNING * * *
The orc knight closely misses you.
Okay, then.
As you read the scroll labelled BORPHU UKAPH, it crumbles to dust.
The scroll dissolves into smoke.
It was a scroll of fog.
The orc hits you but does no damage.
The orc knight hits you from afar with a +0 glaive!
You die...

#### ####### ##
....#########.....## ##.
.....#.....#.......######..
..#..'.!o.§'§..##..#....#..
.....')oo§§§§...8..'....'..
..#..).oo§@§§.)##..#....#.)
.....#..o§§#.......######..
....#########.....## ##.
#### ####### ##


You could see 2 orc knights, 3 orc warriors and an orc (strong).

Vanquished Creatures
  An orc knight (Bailey)
  Joseph (D:7)
  Grinder (D:3)
  A wyvern (D:8)
  A steam dragon (D:6)
  Menkaure (D:7)
  A water moccasin (D:6)
  2 sky beasts (D:6)
  2 black bears
  5 orc warriors
  2 ice beasts
  A centaur (D:6)
  A kobold brigand (D:6)
  2 bullfrogs
  A necrophage (D:5)
  A gnoll sergeant (D:8)
  A scorpion (D:5)
  5 wights (D:7)
  5 killer bees
  A howler monkey (D:5)
  4 hounds
  4 orc priests (D:7)
  A jelly (D:4)
  2 iguanas
  4 orc wizards
  8 gnolls
  3 adders
  2 shadow imps
  2 white imps
  2 worms
  38 orcs
  8 bats
  6 endoplasms
  3 giant cockroaches
  11 goblins
  7 hobgoblins
  2 quokkas (D:1)
  8 ball pythons
  2 frilled lizards (D:2)
  6 kobolds
  5 rats
164 creatures vanquished.

Notes
Turn   | Place    | Note
-------+----------+-------------------------------------------
     0 | D:1      | Lobster4 the Human Wanderer began the quest for the Orb.
     0 | D:1      | Lobster4 set off with the following items: a +2
                  | quarterstaff, a +0 mace, a +0 scale mail, a potion of
                  | curing.
     0 | D:1      | Reached XP level 1. HP: 18/18 MP: 1/1
    69 | D:1      | Found a faded altar of an unknown god.
    91 | D:1      | Reached XP level 2. HP: 24/24 MP: 2/2
   460 | D:1      | Reached skill level 1 in Dodging
   723 | D:2      | Reached XP level 3. HP: 29/29 MP: 3/3
   785 | D:2      | Reached skill level 1 in Throwing
  1081 | D:2      | Reached XP level 4. HP: 35/35 MP: 4/4
  1748 | D:3      | Noticed Grinder
  1947 | D:3      | Paralysed by Grinder for 3 turns
  1959 | D:3      | Paralysed by Grinder for 3 turns
  1968 | D:3      | Paralysed by Grinder for 5 turns
  2026 | D:3      | Killed Grinder
  2027 | D:3      | Reached skill level 4 in Fighting
  2027 | D:3      | Reached XP level 5. HP: 36/43 MP: 5/5
  2027 | D:3      | Reached XP level 6. HP: 42/50 MP: 6/6
  2387 | D:3      | Reached skill level 5 in Fighting
  3153 | D:5      | Entered Level 5 of the Dungeon
  3153 | D:5      | Noticed a black bear
  3196 | D:5      | Reached XP level 7. HP: 43/56 MP: 7/7
  3629 | D:5      | Reached skill level 1 in Ranged Weapons
  3629 | D:5      | Reached skill level 1 in Poison Magic
  3645 | D:5      | Found Runujysh's Antique Weapon Boutique.
  3745 | D:5      | Found a broken altar of Ashenzari.
  3847 | D:5      | Found a snail-covered altar of Cheibriados.
  3964 | D:5      | Found a sparkling altar of Nemelex Xobeh.
  4046 | D:6      | Noticed a steam dragon
  4070 | D:6      | Reached skill level 6 in Fighting
  4070 | D:6      | Reached XP level 8. HP: 44/64 MP: 8/8
  4236 | D:6      | Noticed a fire elemental
  4319 | D:5      | Bought an ebony glaive for 333 gold pieces
  4319 | D:5      | Identified the +2 glaive of Embarrassment {spect, rElec
                  | rPois Str+4} (You bought it in a shop on level 5 of the
                  | Dungeon)
  4433 | D:6      | Found a stormy altar of Qazlal.
  4437 | D:6      | Noticed an air elemental
  4438 | D:6      | Noticed a water elemental
  4462 | D:6      | Reached skill level 1 in Polearms
  4555 | D:6      | Reached skill level 5 in Armour
  4566 | D:6      | Found a blossoming altar of Fedhas.
  4613 | D:6      | Reached XP level 9. HP: 41/71 MP: 9/9
  4614 | D:6      | Reached skill level 7 in Fighting
  4824 | D:6      | Found a staircase to the Ecumenical Temple.
  4833 | Temple   | Entered the Ecumenical Temple
  4840 | Temple   | Became a worshipper of Uskayaw the Reveller
  4937 | D:6      | Reached * piety under Uskayaw
  5014 | D:6      | Found an ornate altar of the Wu Jian Council.
  5097 | D:6      | Reached ** piety under Uskayaw
  5301 | D:6      | Reached skill level 8 in Fighting
  5398 | D:7      | Noticed Duvessa
  5398 | D:7      | Noticed Dowan
  5788 | D:7      | Found an opulent altar of Gozag.
  5882 | D:7      | Reached skill level 9 in Fighting
  6091 | D:7      | Got the Catalogue of Shadowy Clay
  6174 | D:7      | Noticed Menkaure
  6178 | D:7      | Killed Menkaure
  6179 | D:7      | Reached skill level 1 in Invocations
  6322 | D:7      | Noticed Joseph
  6328 | D:7      | Killed Joseph
  6329 | D:7      | Reached XP level 10. HP: 77/85 MP: 10/12
  6408 | D:7      | Found a radiant altar of Vehumet.
  6549 | D:7      | Reached skill level 10 in Fighting
  6786 | D:8      | Reached *** piety under Uskayaw
  6828 | D:8      | Found a flagged portal.
  6839 | Bailey   | Entered a bailey
  6879 | Bailey   | Reached skill level 5 in Invocations
  7097 | Bailey   | Noticed an orc knight
  7097 | Bailey   | Noticed an orc knight
  7106 | Bailey   | Noticed an orc knight
  7107 | Bailey   | Killed an orc knight
  7107 | Bailey   | Reached **** piety under Uskayaw
  7108 | Bailey   | Reached skill level 11 in Fighting
  7116 | Bailey   | HP: 2/88 [orc knight/+0 glaive (22)]
  7117 | Bailey   | Demolished by an orc knight

Illustrated notes

Levels and vault maps discovered:
D:1:      lightli_arrival_boilingwater, layout_loops_cross,
          hellmonk_ecumenical_altar_slurped_away, dreamdust_princess_corridor
D:2:      layout_basic, minmay_cupped
D:3:      layout_rooms, uniq_grinder
D:4:      layout_cave_pools
D:5:      layout_rooms, evilmike_ruin_ashenzari, kennysheep_little_box,
          mainiacjoe_overflow_paths, serial_shops, shop_coins
D:6:      layout_loops_ring, nicolae_qazlal_style_of_elements, kennysheep_mini,
          pdpol_wu_jian_five_deadly_venoms, minmay_temple_entry_mini_moons,
          minmay_misc_feat_rugged
D:7:      layout_basic, lemuel_coloured_pillars_altar, vehumet_altar_wand_db,
          minmay_misc_feat_plants, uniq_duvessa, uniq_joseph, uniq_menkaure
D:8:      layout_loops_ring, serial_shops, nicolae_lakefront_shop,
          enter_bailey_4
Temple:   nicolae_temple_ecumenical_triangle
Bailey:   bailey_polearm_5, bailey

Skill      XL: |  1  2  3  4  5  6  7  8  9 10 |
---------------+-------------------------------+-----
Dodging        | 1 |  1.0
Throwing       | 1 2 3 |  3.0
Fighting       | 4 5 6 9 11 | 11.2
Evocations     | 2 3 |  3.0
Ranged Weapons | 1 2 |  2.0
Armour         | 4 5 |  5.0
Poison Magic   | 1 3 |  3.0
Polearms       | 2 3 |  3.0
Invocations    | 3 5 |  5.0
Maces & Flails | |  1.0
Staves         | |  3.9

Action                   |  1- 3 |  4- 6 |  7- 9 | 10-12 || total
-------------------------+-------+-------+-------+-------++-------
Melee: Quarterstaff      |    77 |    91 |    57 |       ||   225
       Staff             |     4 |       |    20 |       ||    24
       Punch             |     1 |       |     2 |       ||     3
       Glaive            |       |       |    98 |    54 ||   152
 Fire: Sling             |       |       |     5 |       ||     5
Throw: Dart              |     2 |    27 |    27 |    20 ||    76
       Boomerang         |       |       |       |     5 ||     5
Invok: Stomp             |       |       |       |     1 ||     1
Evoke: Wand              |       |       |    12 |     3 ||    15
  Use: Scroll            |     5 |     4 |     4 |     2 ||    15
       Potion            |       |     4 |     2 |     3 ||     9
 Stab: Distracted        |       |       |     2 |       ||     2
       Paralysed         |       |       |       |     3 ||     3
Armor: Scale mail        |    38 |    61 |       |       ||    99
       Leather armour    |     2 |       |       |       ||     2
       Skin              |       |    18 |       |       ||    18
       Chain mail        |       |     2 |   160 |    42 ||   204
Dodge: Dodged            |    36 |    50 |    90 |    32 ||   208

Table legend: (Time is in decaauts)
 A = Elapsed time spent in this place.
 B = Non-inter-level travel time spent in this place.
 C = Inter-level travel time spent in this place.
 D = Time resting spent in this place.
 E = Time spent auto-exploring this place.
 F = Levels seen in this place.
 G = Mean time per level.
                   A        B        C        D        E       F      G
               +--------+--------+--------+--------+--------+-----+--------+
         Total |   7231 |   6551 |    680 |    855 |   4045 |  10 |  723.1 |
       Dungeon |   6907 |   6227 |    680 |    832 |   3881 |   8 |  863.4 |
        Temple |     34 |     34 |      0 |      0 |      0 |   1 |   34.0 |
        Bailey |    289 |    289 |      0 |     23 |    164 |   1 |  289.0 |
               +--------+--------+--------+--------+--------+-----+--------+

Top non-repeatable levels by time:
     D:6: 1376 daAuts
     D:2: 1312 daAuts
     D:7: 1098 daAuts
     D:5: 1002 daAuts
     D:4: 728 daAuts
     D:1: 716 daAuts
     D:3: 553 daAuts
  Bailey: 289 daAuts
     D:8: 119 daAuts
  Temple: 34 daAuts
